[Event "ICC tourney 2523 (60 10)"]
[Site "Internet Chess Club"]
[Date "2021.04.18"]
[Round "6"]
[White "CHEW, ATTICUS:AtticusChew"]
[Black "javeri, kiaan:kiaanj"]
[Result "0-1"]
[ICCResult "White resigns"]
[WhiteElo "642"]
[BlackElo "938"]
[Opening "Two knights defense"]
[ECO "C58"]
[NIC "KP.01"]
[Time "16:33:49"]
[PlyCount "100"]
[TimeControl "3600+10"]

1. e4 e5 2. Nf3 Nc6 3. Bc4 Nf6 4. Ng5 d5 5. exd5 Na5 6. Bb5+ Bd7 7. Bxd7+
Qxd7 8. O-O O-O-O 9. Nc3 Nxd5 10. Nxd5 Qxd5 11. Re1 Bc5 12. b3 f6 13. Nh3
Qd4 14. c3 Qh4 15. d4 exd4 16. cxd4 Bxd4 17. Rb1 Bxf2+ 18. Nxf2 Rxd1 19.
Rxd1 Re8 20. Bd2 Nc6 21. Re1 Rd8 22. Be3 Nb4 23. a3 Nc2 24. Re2 Nxa3 25.
Ra1 Qb4 26. Rea2 Nb5 27. Bxa7 Qxb3 28. Bc5 Nc3 29. Ra8+ Kd7 30. R8a3 Qc4
31. Be3 Ke8 32. Rc1 Ne2+ 33. Kf1 Nxc1+ 34. Kg1 Ne2+ 35. Kh1 Ng3+ 36. hxg3
Rd3 37. Rxd3 b5 38. Bd4 b4 39. Rd2 b3 40. Nd1 Qc1 41. Rd3 Qc2 42. Nf2 b2
43. Bxb2 Qxb2 44. Re3+ Kf8 45. Nh3 c5 46. Nf4 Qc1+ 47. Kh2 Qxe3 48. Nd5
Qh6+ 49. Kg1 c4 50. Nc3 Qc1+ { White resigns } 0-1

[Event "ICC tourney 2523 (60 10)"]
[Site "Internet Chess Club"]
[Date "2021.04.18"]
[Round "6"]
[White "SANTIAGO, WYATT:FierceLeopard"]
[Black "ADAMS, CAITLIN ALA-TOH S:kyrgyzcait"]
[Result "0-1"]
[ICCResult "White checkmated"]
[WhiteElo "642"]
[BlackElo "802"]
[Opening "French defense"]
[ECO "C11"]
[NIC "FR.04"]
[Time "16:33:53"]
[PlyCount "50"]
[TimeControl "3600+10"]

1. e4 e6 2. d4 d5 3. Nc3 Nf6 4. Nf3 Be7 5. Bd3 O-O 6. Bg5 b6 7. O-O Bb7 8.
Re1 c5 9. Qd2 Re8 10. Ne5 Bd6 11. Ng4 Nbd7 12. Qe3 Nxg4 13. Qh3 Qxg5 14.
exd5 Nh6 15. Ne4 Qf4 16. Nxd6 Qxd6 17. Re3 Bxd5 18. Rg3 e5 19. Bf5 exd4 20.
Bxd7 Re7 21. Bc8 Qe5 22. Kf1 Bc4+ 23. Rd3 Qe2+ 24. Kg1 Qe1+ 25. Rxe1 Rxe1#
{ White checkmated } 0-1

[Event "ICC tourney 2523 (60 10)"]
[Site "Internet Chess Club"]
[Date "2021.04.18"]
[Round "6"]
[White "LODISH, NOAH JACOB:NoahJacob"]
[Black "SIMMONS, ZION:ZionSimmons"]
[Result "1-0"]
[ICCResult "Black resigns"]
[WhiteElo "803"]
[BlackElo "987"]
[Opening "two knights defense: Fegatello attack"]
[ECO "C57"]
[NIC "KP.01"]
[Time "16:33:39"]
[PlyCount "71"]
[TimeControl "3600+10"]

1. e4 e5 2. Nf3 Nc6 3. Bc4 Nf6 4. Ng5 d5 5. exd5 Nxd5 6. Nxf7 Kxf7 7. Qf3+
Ke8 8. Bxd5 Qf6 9. Qe4 Bc5 10. O-O Bf5 11. Qc4 Qe7 12. Qb5 Bc8 13. Bxc6+
bxc6 14. Qxc6+ Qd7 15. Qxa8 Rf8 16. Nc3 Qd4 17. Qxc8+ Kf7 18. Qxc7+ Kg8 19.
Ne2 Qe4 20. Qxc5 Qxe2 21. d3 Qh5 22. Qd5+ Kh8 23. Bf4 h6 24. Qxe5 Rf5 25.
Qb8+ Kh7 26. h3 Qh4 27. Bg3 Qg5 28. Rfe1 Rb5 29. Qf4 Qxf4 30. Bxf4 Rxb2 31.
Re7 Rxc2 32. Rxa7 Rc3 33. Rd1 Rc6 34. d4 Rf6 35. Be5 Rg6 36. d5 { Black
resigns } 1-0

[Event "ICC tourney 2523 (60 10)"]
[Site "Internet Chess Club"]
[Date "2021.04.18"]
[Round "6"]
[White "Seigel, Shoshana:ShoshanaS"]
[Black "OSADCHAYA, ANNA:AnnaO"]
[Result "1-0"]
[ICCResult "Black checkmated"]
[WhiteElo "810"]
[BlackElo "758"]
[Opening "Queen's pawn, Mason variation"]
[ECO "D00"]
[NIC "QP.08"]
[Time "16:33:49"]
[PlyCount "65"]
[TimeControl "3600+10"]

1. d4 d5 2. Bf4 g6 3. e3 Bg7 4. Nf3 Nc6 5. c3 Nf6 6. Nbd2 Ne4 7. Nxe4 dxe4
8. Ne5 O-O 9. Bc4 e6 10. Nxc6 bxc6 11. Be5 Bxe5 12. dxe5 Qg5 13. f4 Qxg2
14. Rf1 Qxb2 15. Rc1 Bb7 16. Rc2 Rad8 17. Rxb2 Rxd1+ 18. Kxd1 Rd8+ 19. Kc1
c5 20. Rxb7 a5 21. Rxc7 h5 22. Rd1 Rxd1+ 23. Kxd1 a4 24. Rxc5 Kg7 25. Ra5
f5 26. Bxe6 Kh6 27. Bxf5 gxf5 28. e6 h4 29. e7 Kh5 30. e8=Q+ Kg4 31. Qg6+
Kf3 32. Rxf5 h3 33. Qg3# { Black checkmated } 1-0

[Event "ICC tourney 2523 (60 10)"]
[Site "Internet Chess Club"]
[Date "2021.04.18"]
[Round "6"]
[White "QUINONES, MADELYN:rycsMadelyn"]
[Black "LIAO, KATY LEE:KatyLiao"]
[Result "1/2-1/2"]
[ICCResult "Game drawn by mutual agreement"]
[WhiteElo "600"]
[BlackElo "857"]
[Opening "Scotch game"]
[ECO "C45"]
[NIC "SO.05"]
[Time "16:33:38"]
[PlyCount "127"]
[TimeControl "3600+10"]

1. e4 e5 2. Nf3 Nc6 3. d4 exd4 4. Nxd4 Bc5 5. Be3 Nxd4 6. Bxd4 Bxd4 7. Qxd4
Qf6 8. e5 Qe6 9. Bc4 Qg6 10. Nc3 Ne7 11. e6 dxe6 12. O-O-O Nc6 13. Bb5 O-O
14. Bxc6 bxc6 15. Qd8 Bb7 16. Qxc7 Rab8 17. Rd2 h6 18. Rhd1 Qf6 19. Ne4 Qf5
20. f3 Rfc8 21. Rd8+ Rxd8 22. Rxd8+ Rxd8 23. Qxd8+ Kh7 24. Qd7 Qb5 25. Qxf7
Qf1+ 26. Kd2 Qxg2+ 27. Ke3 Qg1+ 28. Kf4 Qxh2+ 29. Kg4 Qg2+ 30. Kf4 Qh2+ 31.
Ke3 Qg1+ 32. Kf4 Qc1+ 33. Ke5 Kh8 34. Qxb7 Qh1 35. Kxe6 Qh3+ 36. Ke5 Qh5+
37. Kf4 Qh4+ 38. Ke3 Qe1+ 39. Kf4 Qh4+ 40. Ke3 Qe1+ 41. Kf4 Qh4+ 42. Ke3
Qe1+ 43. Kf4 Qh4+ 44. Ke3 Qe1+ 45. Kf4 Qh4+ 46. Ke5 Qh2+ 47. f4 Qh5+ 48. f5
Qh2+ 49. Kd4 Qg1+ 50. Ke5 Qh2+ 51. Ke6 Qh5 52. f6 Qe8+ 53. Qe7 Qc8+ 54. Ke5
Qb8+ 55. Nd6 Qxb2+ 56. c3 Qxc3+ 57. Ke6 Qe3+ 58. Kd7 Qh3+ 59. Ke8 Qh5+ 60.
Nf7+ Kh7 61. Qe4+ Kg8 62. Ke7 Qxf7+ 63. Kd6 Qxf6+ 64. Kd7 { Game drawn by
mutual agreement } 1/2-1/2

[Event "ICC tourney 2523 (60 10)"]
[Site "Internet Chess Club"]
[Date "2021.04.18"]
[Round "6"]
[White "VETRI, PALMER:pvetri99"]
[Black "SCHWEITZER, ANDREW HARRISON:mrandrew"]
[Result "1-0"]
[ICCResult "Black resigns"]
[WhiteElo "921"]
[BlackElo "448"]
[Opening "Scandinavian defense"]
[ECO "B01"]
[NIC "SD.03"]
[Time "16:46:24"]
[PlyCount "77"]
[TimeControl "3600+10"]

1. e4 d5 2. exd5 Nf6 3. Nc3 Nxd5 4. Nxd5 Qxd5 5. Nf3 Bg4 6. h3 Bh5 7. Be2
Bg6 8. O-O Nc6 9. Nh2 h5 10. Bf3 Qe5 11. Re1 Qd6 12. d3 Ne5 13. Bf4 Nxf3+
14. Qxf3 Qb6 15. b3 h4 16. Qe2 e6 17. Be3 Qd6 18. Qf3 Bh5 19. Qxb7 Qd8 20.
Qc6+ Ke7 21. Bc5+ Kf6 22. Bxf8 Rxf8 23. Qc3+ Ke7 24. Qb4+ Ke8 25. Qb5+ Qd7
26. Qxh5 Qd6 27. Qd1 Ke7 28. Nf3 Rh8 29. c4 f6 30. d4 Kd7 31. d5 e5 32. Re4
g5 33. g4 hxg3 34. fxg3 Rxh3 35. Kg2 Rah8 36. Qe2 g4 37. Rxg4 e4 38. Qxe4
Re8 39. Qf5+ { Black resigns } 1-0

[Event "ICC tourney 2523 (60 10)"]
[Site "Internet Chess Club"]
[Date "2021.04.18"]
[Round "6"]
[White "ENGI, DANIEL:BBDaniel"]
[Black "MOU, BENJAMIN:HCESBenjaminM"]
[Result "1/2-1/2"]
[ICCResult "Black stalemated"]
[WhiteElo "523"]
[BlackElo "797"]
[Opening "Two knights defense (Modern bishop's opening)"]
[ECO "C55"]
[NIC "IG.01"]
[Time "16:33:49"]
[PlyCount "137"]
[TimeControl "3600+10"]

1. e4 e5 2. Nf3 Nc6 3. Bc4 Nf6 4. d3 h6 5. O-O Bc5 6. b4 Bxb4 7. c3 Bc5 8.
d4 exd4 9. cxd4 Bb6 10. e5 Ne4 11. Bd5 Ng5 12. Bxc6 dxc6 13. Nxg5 hxg5 14.
Nc3 Bf5 15. Bb2 Bxd4 16. Ne2 Bxe5 17. Qxd8+ Rxd8 18. Bxe5 O-O 19. Bxc7 Rd2
20. Ng3 Bg6 21. Rad1 Rxa2 22. Ra1 Rb2 23. Rxa7 Bd3 24. Rd1 Bc2 25. Re1 b5
26. Be5 Rb1 27. Rxb1 Bxb1 28. Rb7 Re8 29. Bc3 f5 30. Rxg7+ Kf8 31. Rxg5 f4
32. Nf5 Rd8 33. h3 Rd1+ 34. Kh2 Bxf5 35. Rxf5+ Ke8 36. Rxf4 Rc1 37. Bb2 Rb1
38. Bd4 b4 39. Re4+ Kf7 40. Rf4+ Ke6 41. g4 b3 42. g5 Rd1 43. Bh8 Rd8 44.
Bb2 c5 45. Rg4 Rc8 46. f3 Kf7 47. g6+ Kg8 48. f4 c4 49. Rg3 Rc7 50. h4 Rc5
51. Kg2 Rf5 52. Kf3 Rc5 53. Ke4 Rh5 54. Rg4 Rc5 55. Kd4 Rc8 56. h5 Kg7 57.
f5 Kg8 58. h6 Rc7 59. g7 Rc8 60. h7+ Kxh7 61. g8=Q+ Rxg8 62. Rxg8 Kxg8 63.
Ke5 Kf7 64. f6 Kf8 65. Ke6 Ke8 66. f7+ Kf8 67. Kf6 c3 68. Bxc3 b2 69. Bxb2
{ Black stalemated } 1/2-1/2

[Event "ICC tourney 2523 (60 10)"]
[Site "Internet Chess Club"]
[Date "2021.04.18"]
[Round "6"]
[White "DAWDA, MAADHAV:maadhavd"]
[Black "LAMA, SUBRINA:sahysubrina"]
[Result "0-1"]
[ICCResult "White resigns"]
[WhiteElo "707"]
[BlackElo "872"]
[Opening "Sicilian: dragon variation"]
[ECO "B70"]
[NIC "SI.15"]
[Time "16:33:48"]
[PlyCount "132"]
[TimeControl "3600+10"]

1. e4 c5 2. Nf3 d6 3. d4 cxd4 4. Nxd4 Nf6 5. Nc3 g6 6. Bg5 Bg7 7. f3 O-O 8.
Bd3 Nc6 9. Nxc6 bxc6 10. Qd2 Rb8 11. Rb1 Be6 12. b3 d5 13. e5 Nd7 14. f4 d4
15. Ne4 f6 16. exf6 exf6 17. Bh4 Qc7 18. O-O Bf5 19. Ng3 Bxd3 20. Qxd3 Nc5
21. Qc4+ Kh8 22. Qxc5 Rbd8 23. Ne2 d3 24. cxd3 Rxd3 25. Nd4 Rd8 26. Ne6 Qb6
27. Qxb6 axb6 28. Nxd8 Rxd8 29. Rfd1 Re8 30. Rd2 Bh6 31. Bg3 g5 32. fxg5
Bxg5 33. Rd6 Be3+ 34. Kh1 Ra8 35. Rxf6 Rxa2 36. Be5 Kg8 37. Rbf1 Bc5 38.
Rxc6 Re2 39. Re6 h6 40. h3 Kh7 41. Rf7+ Kg8 42. Rg7+ Kf8 43. Rf6+ Kxg7 44.
Rf2+ Rxe5 45. Rf3 Re1+ 46. Kh2 Bd6+ 47. g3 Re2+ 48. Kg1 Bc5+ 49. Kf1 Rb2
50. g4 Rb1+ 51. Ke2 Rb2+ 52. Kd3 Rxb3+ 53. Ke4 Rxf3 54. Kxf3 b5 55. Ke2 b4
56. Kd3 Kf6 57. Kc2 Kg5 58. Kd3 Kh4 59. Kc4 Bd6 60. Kb3 Kxh3 61. g5 hxg5
62. Kc4 g4 63. Kd5 Bf4 64. Ke4 Bb8 65. Kf5 g3 66. Kf6 g2 { White resigns }
0-1

[Event "ICC tourney 2523 (60 10)"]
[Site "Internet Chess Club"]
[Date "2021.04.18"]
[Round "6"]
[White "LI, RUI-XING:Ruixing"]
[Black "AHARONIAN, ALEXANDER:Alex2009"]
[Result "0-1"]
[ICCResult "White checkmated"]
[WhiteElo "568"]
[BlackElo "769"]
[Opening "Queen's pawn"]
[ECO "A40"]
[NIC "QO.17"]
[Time "16:33:51"]
[PlyCount "106"]
[TimeControl "3600+10"]

1. d4 f6 2. c4 c6 3. Nc3 e6 4. Nf3 d5 5. Bf4 Bd6 6. Qd2 Qc7 7. Bxd6 Qxd6 8.
e3 b6 9. Be2 Ne7 10. O-O O-O 11. Bd3 c5 12. dxc5 bxc5 13. cxd5 exd5 14. Nb5
Qc6 15. Rac1 Nd7 16. Be2 Ba6 17. Nc3 Rab8 18. Bxa6 Qxa6 19. Nxd5 Nxd5 20.
Qxd5+ Rf7 21. Rb1 h6 22. Rfc1 Rc8 23. Nd2 Rc6 24. a3 Rd6 25. Qb3 Rxd2 26.
Rd1 Rxd1+ 27. Rxd1 c4 28. Qc3 Ne5 29. Rd8+ Rf8 30. Rxf8+ Kxf8 31. Qb4+ Kg8
32. Qb8+ Kh7 33. Qb4 Nd3 34. Qc3 Qa4 35. h3 Qb5 36. Kh2 Nxb2 37. Qc2+ Kg8
38. Qc3 Qb3 39. Qd4 c3 40. Qd8+ Kh7 41. Qd3+ Kh8 42. Qd8+ Qg8 43. Qd4 Qc8
44. Qd3 c2 45. Qd2 c1=Q 46. Qe2 Q8c7+ 47. f4 Q1c2 48. Qf3 Q7c6 49. Qg4 f5
50. Qg3 Nd3 51. Kh1 Ne1 52. Kg1 Q2xg2+ 53. Qxg2 Qxg2# { White checkmated }
0-1

[Event "ICC tourney 2523 (60 10)"]
[Site "Internet Chess Club"]
[Date "2021.04.18"]
[Round "6"]
[White "LU, ARIANNA:ChessPandaLu"]
[Black "PLASSE, ANDREW:dplasse"]
[Result "0-1"]
[ICCResult "White checkmated"]
[WhiteElo "439"]
[BlackElo "835"]
[Opening "Four knights: Italian variation"]
[ECO "C47"]
[NIC "KP.06"]
[Time "16:33:38"]
[PlyCount "126"]
[TimeControl "3600+10"]

1. e4 e5 2. Nf3 Nc6 3. Nc3 Nf6 4. Bc4 Nxe4 5. Nxe4 d5 6. Bd3 dxe4 7. Bxe4
Bg4 8. c3 Bc5 9. h3 Bxf3 10. Bxf3 O-O 11. O-O Re8 12. Re1 Qd7 13. d4 exd4
14. cxd4 Qxd4 15. Qxd4 Rxe1+ 16. Kh2 Bxd4 17. Rb1 Rf1 18. Bd5 Rxf2 19. a3
Nd8 20. b4 c6 21. Bb3 h6 22. Bc4 b5 23. Bd3 Ne6 24. Be4 Rc8 25. h4 c5 26.
bxc5 Rxc5 27. Bf3 Rf1 28. Be2 Rfxc1 29. Rxc1 Rxc1 30. Bxb5 Ra1 31. a4 Nc7
32. Bd7 Be5+ 33. Kh3 Kf8 34. Bc6 f6 35. h5 Ke7 36. Kg4 Kd6 37. Be4 Rxa4 38.
Kf3 Nd5 39. g4 a5 40. Kg2 Ra3 41. Bf5 a4 42. Kf2 Ra1 43. Ke2 a3 44. Kf2 a2
45. Kg2 Rc1 46. Kf2 a1=Q 47. Kg2 Qb2+ 48. Kf3 Rc3+ 49. Bd3 Rxd3+ 50. Ke4
Qd4+ 51. Kf5 Rf3+ 52. Kg6 Qxg4+ 53. Kf7 Qd7+ 54. Kg8 Qe8+ 55. Kh7 Qa4 56.
Kh8 Re3 57. Kh7 Qe4+ 58. Kh8 Ra3 59. Kg8 Ra8+ 60. Kf7 Ra7+ 61. Kf8 Qh7 62.
Ke8 Ra8+ 63. Kf7 g6# { White checkmated } 0-1

[Event "ICC tourney 2523 (60 10)"]
[Site "Internet Chess Club"]
[Date "2021.04.18"]
[Round "6"]
[White "Condon, Dylan:DeDeBoy"]
[Black "Romolo, Ryan M:Ryro2013"]
[Result "1/2-1/2"]
[ICCResult "Game drawn by mutual agreement"]
[WhiteElo "685"]
[BlackElo "886"]
[Opening "Sicilian: closed"]
[ECO "B23"]
[NIC "SI.44"]
[Time "16:33:43"]
[PlyCount "69"]
[TimeControl "3600+10"]

1. e4 c5 2. Nc3 e6 3. Nf3 Nc6 4. Bb5 a6 5. Bxc6 dxc6 6. Ne5 Qd4 7. Nf3 Qd6
8. O-O Be7 9. d3 e5 10. Bg5 Nf6 11. Bxf6 Bxf6 12. Na4 Bg4 13. Nb6 Rd8 14.
Nc4 Qd7 15. Nb6 Qc7 16. Nc4 b5 17. Ne3 Bh5 18. Nf5 O-O 19. Ng3 Bxf3 20.
Qxf3 Qd7 21. Nh5 Bg5 22. Qg3 h6 23. Qxe5 f6 24. Qxc5 Qg4 25. Ng3 h5 26. Nf5
g6 27. Ne7+ Kg7 28. Nxc6 Rde8 29. Nd4 Bf4 30. h3 Qd7 31. Qb6 Rb8 32. Ne6+
Kf7 33. Qxa6 Qxe6 34. Qa7+ Qe7 35. Qd4 { Game drawn by mutual agreement }
1/2-1/2

[Event "ICC tourney 2523 (60 10)"]
[Site "Internet Chess Club"]
[Date "2021.04.18"]
[Round "6"]
[White "bhargava, saarth:bsaarth"]
[Black "Epelbaum, Shawn:ShawnE"]
[Result "0-1"]
[ICCResult "White checkmated"]
[WhiteElo "247"]
[BlackElo "824"]
[Opening "Sicilian defense"]
[ECO "B76"]
[NIC "SI.34"]
[Time "16:33:49"]
[PlyCount "118"]
[TimeControl "3600+10"]

1. e4 c5 2. Nf3 Nc6 3. d4 cxd4 4. Nxd4 Nf6 5. Nc3 g6 6. f3 Bg7 7. Be3 O-O
8. Qd2 d6 9. g4 e5 10. Ndb5 d5 11. exd5 Nxd5 12. Qxd5 Nb4 13. Qxd8 Rxd8 14.
Rc1 f5 15. Bc4+ Kh8 16. Nc7 Rb8 17. Bxa7 fxg4 18. fxg4 Bxg4 19. Bxb8 Rxb8
20. a3 Bh6 21. Ra1 Nxc2+ 22. Kf2 Nxa1 23. Rxa1 Rf8+ 24. Ke1 Bg5 25. Ne6
Bh4+ 26. Kd2 Rf2+ 27. Kd3 Rf3+ 28. Kc2 Bf5+ 29. Kb3 Rf2 30. h3 Bc2+ 31. Ka2
e4 32. Re1 Bf6 33. Ka1 Bd3 34. Bxd3 exd3 35. Rd1 Rf3 36. Nc5 Rxh3 37. Nxd3
Kg7 38. Ne4 h5 39. Nxf6 Kxf6 40. Rf1+ Kg5 41. Rg1+ Kh6 42. Ne5 g5 43. Nf7+
Kg6 44. Nxg5 Rb3 45. Ne4+ Kf5 46. Ng3+ Kg4 47. Ne2+ Kf3 48. Nd4+ Kf2 49.
Rh1 Rd3 50. Nf5 Rf3 51. Rxh5 Rd3 52. Rh7 Rd5 53. Rxb7 Rxf5 54. b4 Ke2 55.
a4 Kd3 56. b5 Kc3 57. a5 Kb3 58. Rf7 Rxf7 59. a6 Rf1# { White checkmated }
0-1

[Event "ICC tourney 2523 (60 10)"]
[Site "Internet Chess Club"]
[Date "2021.04.18"]
[Round "6"]
[White "VURAL, TAYGA:Tayga"]
[Black "KLIPER, ALMA:AKliper"]
[Result "1-0"]
[ICCResult "Black checkmated"]
[WhiteElo "811"]
[BlackElo "662"]
[Opening "Scotch gambit"]
[ECO "C50"]
[NIC "IG.02"]
[Time "16:33:57"]
[PlyCount "111"]
[TimeControl "3600+10"]

1. e4 e5 2. Nf3 Nc6 3. Bc4 Bc5 4. d4 exd4 5. Ng5 Nh6 6. Qf3 O-O 7. O-O d6
8. Nh3 Bg4 9. Qg3 d5 10. Bxd5 Bd6 11. Qd3 Nb4 12. Qb3 a5 13. Na3 a4 14. Qc4
c6 15. c3 b5 16. Qxd4 c5 17. Qe3 Nxd5 18. exd5 Nf5 19. Qg5 Bxh3 20. Qxd8
Raxd8 21. gxh3 b4 22. cxb4 cxb4 23. Nc4 Bb8 24. Rd1 Nd6 25. b3 Nxc4 26.
bxc4 Rd6 27. Bf4 Rg6+ 28. Bg3 Be5 29. Rab1 Bc3 30. Kh1 Re8 31. f4 Re3 32.
Be1 Re2 33. Bxc3 Rgg2 34. Rd2 Rxh2+ 35. Kg1 Rhg2+ 36. Kf1 Rxd2 37. Bxd2
Rxd2 38. Rxb4 h6 39. Rxa4 Kh7 40. Ke1 Rh2 41. c5 Kg6 42. Rc4 Kh5 43. c6 Kh4
44. Kd1 Kg3 45. Rc2 Rh1+ 46. Kd2 Rh2+ 47. Kc3 Rxc2+ 48. Kxc2 Kxh3 49. c7 h5
50. c8=Q+ Kg3 51. d6 h4 52. d7 h3 53. Qc3+ Kg2 54. d8=Q h2 55. Qdd2+ Kg1
56. Qa1# { Black checkmated } 1-0

[Event "ICC tourney 2523 (60 10)"]
[Site "Internet Chess Club"]
[Date "2021.04.18"]
[Round "6"]
[White "Marshalleck, David T:LionsDavidM"]
[Black "HOWE, WILEY:wileyhowe"]
[Result "0-1"]
[ICCResult "White checkmated"]
[WhiteElo "833"]
[BlackElo "700"]
[Opening "Scotch game"]
[ECO "C45"]
[NIC "SO.04"]
[Time "16:34:13"]
[PlyCount "174"]
[TimeControl "3600+10"]

1. e4 e5 2. Nf3 Nc6 3. d4 exd4 4. Nxd4 Nxd4 5. Qxd4 Nf6 6. e5 Nh5 7. g4 Nf4
8. Bxf4 b6 9. Bg2 Rb8 10. Nc3 Bc5 11. Qd3 d6 12. O-O-O O-O 13. Rhe1 Bxg4
14. Rd2 Re8 15. Be4 dxe5 16. Bxh7+ Kf8 17. Rxe5 Rxe5 18. Bxe5 Qg5 19. Be4
Bxf2 20. Bf4 Qxf4 21. h3 Bh5 22. Nd5 Qg5 23. Qa3+ Kg8 24. Qd3 Qg1+ 25. Rd1
Bxd1 26. Qxd1 Qxd1+ 27. Kxd1 Rd8 28. Ke2 Bd4 29. Ne7+ Kf8 30. Nd5 Bxb2 31.
Nxc7 Rd7 32. Nd5 Rd6 33. Kf3 a5 34. Kf4 b5 35. Kf5 a4 36. Kf4 f6 37. Kf5
Kf7 38. h4 g6+ 39. Kf4 f5 40. Bd3 Rxd5 41. Kg5 b4 42. Bc4 Kg7 43. Bxd5 Bf6+
44. Kf4 Kh6 45. Bc6 a3 46. Kg3 Kh5 47. Kh3 Bxh4 48. Kg2 g5 49. Bd7 f4 50.
Kf3 Bg3 51. Bc8 g4+ 52. Bxg4+ Kg5 53. Bd7 Kf6 54. Bb5 Ke5 55. Bd7 Kd4 56.
Bf5 Kc3 57. Bg6 Kb2 58. Kg4 Kxa2 59. Bf5 b3 60. cxb3 Kxb3 61. Be6+ Kb2 62.
Bf7 a2 63. Bxa2 Kxa2 64. Kf3 Kb3 65. Ke2 Kc4 66. Kf1 Kd3 67. Kg1 Ke2 68.
Kg2 f3+ 69. Kxg3 f2 70. Kf4 f1=Q+ 71. Ke5 Qh3 72. Kd4 Qf3 73. Ke5 Qg4 74.
Kd5 Qf4 75. Kc5 Qe4 76. Kd6 Qf5 77. Kc6 Qe5 78. Kb6 Qd5 79. Kc7 Qe6 80. Kb7
Qd6 81. Kc8 Qe7 82. Kb8 Qd7 83. Ka8 Kd3 84. Kb8 Kc4 85. Ka8 Kb5 86. Kb8 Kb6
87. Ka8 Qd8# { White checkmated } 0-1

[Event "ICC tourney 2523 (60 10)"]
[Site "Internet Chess Club"]
[Date "2021.04.18"]
[Round "6"]
[White "HAN, WILLIAM M:LionsWilliamH"]
[Black "Han, Eleanor JA:EleanorH"]
[Result "1-0"]
[ICCResult "Black checkmated"]
[WhiteElo "619"]
[BlackElo "824"]
[Opening "Alekhine's defense: Scandinavian variation"]
[ECO "B01"]
[NIC "VO.17"]
[Time "16:45:30"]
[PlyCount "55"]
[TimeControl "3600+10"]

1. e4 d5 2. Nc3 Nf6 3. exd5 Nxd5 4. Nxd5 Qxd5 5. Nf3 Qa5 6. Bc4 c6 7. O-O
Bg4 8. h3 Bh5 9. d4 Qc7 10. Ng5 Bxd1 11. Bxf7+ Kd8 12. Ne6+ Kc8 13. Nxc7
Kxc7 14. Rxd1 Nd7 15. Bf4+ Kb6 16. d5 cxd5 17. Bxd5 Rd8 18. Be6 Kc6 19.
Bd5+ Kb6 20. c4 e5 21. Be3+ Nc5 22. b4 Rc8 23. bxc5+ Bxc5 24. Rab1+ Ka6 25.
Bxb7+ Ka5 26. Bxc5 Rxc5 27. Rd3 Rb8 28. Ra3# { Black checkmated } 1-0

[Event "ICC tourney 2523 (60 10)"]
[Site "Internet Chess Club"]
[Date "2021.04.18"]
[Round "6"]
[White "GALVEZ, CONNOR HAMILTON:ConnorGalvez"]
[Black "WHELCHEL, EVAN:Ewhelchel"]
[Result "1-0"]
[ICCResult "Black resigns"]
[WhiteElo "639"]
[BlackElo "855"]
[Opening "Caro-Kann defense"]
[ECO "B11"]
[NIC "CK.01"]
[Time "16:33:49"]
[PlyCount "161"]
[TimeControl "3600+10"]

1. e4 c6 2. Nc3 d5 3. exd5 cxd5 4. Nf3 Nf6 5. g3 Nc6 6. Bg2 e5 7. d4 e4 8.
Ne5 Be7 9. O-O O-O 10. Be3 Bd6 11. f4 Nb4 12. a3 Nc6 13. Qe2 Bxe5 14. fxe5
Ng4 15. h3 Nxe3 16. Qxe3 Qb6 17. Nxd5 Qxd4 18. Qxd4 Nxd4 19. Bxe4 Bxh3 20.
Rfd1 Ne2+ 21. Kh2 Bg4 22. Ne3 Nc3 23. bxc3 Bxd1 24. Rxd1 Rac8 25. c4 Rfd8
26. Rxd8+ Rxd8 27. Bxb7 Re8 28. Ng4 h5 29. Nf2 Rxe5 30. a4 Re2 31. Kg1 Rxc2
32. Ba6 Rc3 33. Kg2 Ra3 34. Bb5 a5 35. Ne4 Ra2+ 36. Kf3 Kh7 37. Ke3 Kh6 38.
Kd4 g5 39. c5 Ra3 40. c6 Ra1 41. Nd6 h4 42. c7 Rc1 43. c8=Q Rxc8 44. Nxc8
hxg3 45. Bc6 Kh5 46. Bg2 Kg4 47. Ke4 f5+ 48. Ke3 f4+ 49. Ke2 Kf5 50. Nd6+
Ke5 51. Nb7 g4 52. Nxa5 f3+ 53. Kf1 fxg2+ 54. Kxg2 Kf4 55. Nc4 Ke4 56. a5
Kd5 57. Ne5 Kc5 58. Nc4 Kb5 59. Kxg3 Ka6 60. Kxg4 Ka7 61. Kf4 Ka6 62. Ke5
Ka7 63. Kd5 Ka6 64. Kc5 Ka7 65. Kb5 Ka8 66. Ka6 Kb8 67. Nb6 Kc7 68. Ka7 Kc6
69. a6 Kb5 70. Kb7 Ka5 71. a7 Kb5 72. a8=Q Kc5 73. Nc4 Kb5 74. Qa6+ Kc5 75.
Qc6+ Kb4 76. Ne3 Ka5 77. Qb6+ Ka4 78. Kc6 Ka3 79. Kc5 Ka2 80. Kc4 Ka1 81.
Kc3 { Black resigns } 1-0

[Event "ICC tourney 2523 (60 10)"]
[Site "Internet Chess Club"]
[Date "2021.04.18"]
[Round "6"]
[White "Dela Luna-buder, Johann:JohannLuna"]
[Black "Bi, Lige:Bilige1103"]
[Result "0-1"]
[ICCResult "White checkmated"]
[WhiteElo "640"]
[BlackElo "802"]
[Opening "King's Indian: Larsen variation"]
[ECO "E90"]
[NIC "KI.21"]
[Time "16:33:41"]
[PlyCount "146"]
[TimeControl "3600+10"]

1. d4 Nf6 2. c4 g6 3. Nc3 Bg7 4. Nf3 d6 5. e4 O-O 6. Be3 e5 7. d5 a5 8. Bd3
Na6 9. O-O Ng4 10. Bd2 Nc5 11. Be2 f5 12. exf5 gxf5 13. Bg5 Nf6 14. h3 f4
15. Qc2 h6 16. Bh4 Qe8 17. Rfe1 e4 18. Nd2 Bf5 19. Bd1 Qg6 20. Bxf6 Rxf6
21. Ndxe4 Nxe4 22. Nxe4 Bxe4 23. Rxe4 f3 24. Rg4 Qxc2 25. Bxc2 fxg2 26.
Rxg2 Kf7 27. Kh1 Rf4 28. Rag1 Bxb2 29. Bb3 a4 30. Bc2 Rxc4 31. Bd3 Rd4 32.
Be2 Rf8 33. Rg7+ Ke8 34. Bb5+ Kd8 35. Rd7+ Kc8 36. Re1 Rxd5 37. Bxa4 b5 38.
Bb3 Kxd7 39. Bxd5 Rxf2 40. Kg1 Bd4 41. Kh1 c6 42. Bg8 Rf8 43. Be6+ Kc7 44.
Bb3 c5 45. Bd5 c4 46. Re7+ Kb6 47. a3 Rf1+ 48. Kg2 Rg1+ 49. Kh2 Kc5 50. Ba8
Rg7 51. Re6 c3 52. Be4 h5 53. Bf3 c2 54. Re8 Rc7 55. Re1 Bb2 56. Bxh5 c1=Q
57. Rxc1+ Bxc1 58. Kg3 Bxa3 59. h4 b4 60. Bd1 Kc4 61. Kg4 Kd3 62. Kg5 Rc2
63. Bxc2+ Kxc2 64. h5 Bb2 65. h6 Bd4 66. Kg6 b3 67. Kf7 b2 68. Kg8 b1=Q 69.
h7 Qg1+ 70. Kf7 Qg5 71. Ke6 Qe5+ 72. Kf7 Qf6+ 73. Kg8 Qg7# { White
checkmated } 0-1

[Event "ICC tourney 2523 (60 10)"]
[Site "Internet Chess Club"]
[Date "2021.04.18"]
[Round "6"]
[White "FITZPATRICK, CONNOR:Savethegoats"]
[Black "WEST, JACK:JWest139"]
[Result "0-1"]
[ICCResult "White checkmated"]
[WhiteElo "275"]
[BlackElo "821"]
[Opening "French defense"]
[ECO "C00"]
[NIC "FR.01"]
[Time "16:33:51"]
[PlyCount "76"]
[TimeControl "3600+10"]

1. e4 e6 2. Nf3 d5 3. e5 Nc6 4. d4 Bd7 5. Bg5 Be7 6. Bf4 f6 7. Bd3 Bb4+ 8.
c3 Be7 9. O-O fxe5 10. dxe5 Bc5 11. Bg5 Be7 12. Be3 h6 13. Bg6+ Kf8 14. Qa4
Bg5 15. Nxg5 hxg5 16. f4 Nge7 17. fxg5+ Kg8 18. Qf4 Nf5 19. Bc5 b6 20. Ba3
d4 21. cxd4 Ncxd4 22. Nc3 Rh4 23. g4 Nc2 24. Rad1 Nxa3 25. bxa3 Qe7 26. Bh5
Qc5+ 27. Rf2 Be8 28. g6 Qxc3 29. Rfd2 Ne3 30. Rd3 Qc2 31. Qxe3 Qxh2+ 32.
Kf1 Bb5 33. Qf3 Bxd3+ 34. Rxd3 Rf8 35. Rd8 Qh1+ 36. Kf2 Qxf3+ 37. Ke1 Rxd8
38. a4 Rd1# { White checkmated } 0-1

[Event "ICC tourney 2523 (60 10)"]
[Site "Internet Chess Club"]
[Date "2021.04.18"]
[Round "6"]
[White "MISCHLER, HEIDI:SABHHMischler"]
[Black "LINGAMANENI, SRIKAR:srikarl99"]
[Result "0-1"]
[ICCResult "White checkmated"]
[WhiteElo "831"]
[BlackElo "744"]
[Opening "Four knights: Scotch, 4...exd4"]
[ECO "C47"]
[NIC "KP.06"]
[Time "16:33:52"]
[PlyCount "64"]
[TimeControl "3600+10"]

1. e4 e5 2. Nf3 Nc6 3. Nc3 Nf6 4. d4 exd4 5. Nxd4 Bc5 6. Be3 Nxd4 7. Bxd4
Bb4 8. Bc4 O-O 9. O-O Re8 10. Bd3 c5 11. Be3 Bxc3 12. bxc3 d6 13. Bg5 b6
14. Re1 Bb7 15. Qf3 Re6 16. Bc4 Re8 17. Bd3 Qe7 18. h3 Qe6 19. Bxf6 Qxf6
20. Qg4 Qxc3 21. Rac1 Qf6 22. f3 c4 23. Bf1 Bc8 24. Qg3 Re5 25. Bxc4 Rg5
26. Qf2 Bxh3 27. Qe3 Rxg2+ 28. Kh1 Qe5 29. f4 Qh5 30. Rg1 Rxg1+ 31. Rxg1
Bf1+ 32. Qh3 Qxh3# { White checkmated } 0-1